AoeStats
← giannis

MegaRandom

508512102Analyzed
4v4 RM · 9d ago on Sep 22, 2026· 56m 45s· 8 players
Game mode
Random Map
Map size
Large (8 player)
Population
200
Speed
Normal
Resources
Standard
Victory
Conquest
Starting age
Dark Age
Ending age
Imperial Age
RankedLock teamsTeams togetherTeam positionsShared explorationLock speedFull tech treeHidden civsTurbo modeCheats
Victory
Defeat
🇬🇧 Varangians · United Kingdom
982
+8
🇨🇦 Franks · Canada
851
+13
🇬🇧 Persians · United Kingdom
850
+13
🇬🇧 Saxons · United Kingdom
821
+14
🇲🇽 Bengalis · Mexico
860
-14
🇬🇷 Poles · Greece
810
-13
🇵🇪 Vikings · Peru
752
-11
🇵🇪 Huns · Peru
742
-24
giannis
10:28 Feudal Age
12:08 Double-Bit Axe
14:55 Castle Age
13:04 Double-Bit Axe
13:42 Horse Collar
21:15 Crossbowman
24:13 Fletching
24:24 Padded Archer Armor
25:46 Pikeman
26:11 Arson
28:10 Leather Archer Armor
27:50 Bodkin Arrow
28:28 Elite Skirmisher
33:39 Imperial Age
30:56 Town Watch
32:20 Squires
32:19 Bodkin Arrow
32:25 Scale Mail Armor
33:10 Guard Tower
33:41 Ballistics
33:19 Loom
34:19 Bow Saw
34:39 Murder Holes
35:34 Arrowslits
36:35 Thumb Ring
37:40 Chemistry
38:03 Forging
38:08 Chain Mail Armor
37:54 Bracer
39:08 Szlachta Privileges
39:23 Conscription
39:08 Stone Mining
39:08 Gold Mining
38:40 Light Cavalry
39:31 Bloodlines
40:28 Heavy Plow
41:12 Wheelbarrow
40:37 Town Patrol
42:25 Iron Casting
42:20 Plate Mail Armor
42:57 Lechitic Legacy
44:39 Blast Furnace
43:45 Scale Barding Armor
43:04 Winged Hussar
43:54 Husbandry
48:07 Keep
49:56 Chain Barding Armor
49:36 Elite Obuch
51:34 Crop Rotation
jhoelm460
11:47 Feudal Age
13:04 Wheelbarrow
18:36 Castle Age
16:50 Double-Bit Axe
21:25 Hand Cart
21:38 Caravan
23:21 Coinage
24:09 Horse Collar
24:48 Bow Saw
32:00 Scale Mail Armor
39:58 Light Cavalry
40:49 Bloodlines
40:41 Husbandry
47:06 Loom
48:44 Scale Barding Armor
48:56 Chain Mail Armor
55:18 Imperial Age
53:36 Chain Barding Armor
53:19 Padded Archer Armor
53:10 Fletching
53:31 Forging
52:46 Elite Skirmisher
avilareall
10:05 Feudal Age
16:45 Castle Age
15:44 Double-Bit Axe
16:01 Horse Collar
18:31 Wheelbarrow
21:57 Fletching
31:32 Pikeman
41:38 Redemption
43:14 Sanctity
43:09 Fervor
51:55 Hand Cart
Felix
9:59 Feudal Age
11:04 Double-Bit Axe
16:47 Gold Mining
19:43 Castle Age
19:58 Fletching
21:18 Pikeman
26:38 Forging
34:57 Imperial Age
34:24 Scale Mail Armor
36:44 Iron Casting
40:18 Chain Mail Armor
42:02 Ballistics
42:27 Murder Holes
51:44 Chemistry
ᅚᅚ
0:48 Loom
10:38 Feudal Age
11:45 Double-Bit Axe
18:55 Castle Age
17:23 Scale Barding Armor
19:09 Forging
22:07 Bow Saw
21:42 Pikeman
25:26 Husbandry
27:20 Fletching
43:54 Chain Barding Armor
48:55 Imperial Age
47:50 Wheelbarrow
49:05 Iron Casting
48:25 Bodkin Arrow
48:36 Gold Mining
49:21 Hand Cart
49:31 Cavalier
50:52 Plate Barding Armor
51:16 Paladin
54:39 Blast Furnace
emperorbobo
0:57 Loom
12:31 Feudal Age
16:24 Castle Age
15:52 Double-Bit Axe
15:50 Horse Collar
18:02 Bow Saw
18:57 Wheelbarrow
19:07 Heavy Plow
22:01 Stone Mining
23:19 Pikeman
24:04 Squires
25:27 Scale Mail Armor
26:28 Hand Cart
28:15 Forging
28:11 Scale Barding Armor
28:59 Bloodlines
28:49 Husbandry
35:40 Imperial Age
34:55 Iron Casting
34:41 Chain Barding Armor
35:35 Vendel Legacy
36:48 Conscription
35:52 Cavalier
37:34 Blast Furnace
39:11 Plate Barding Armor
43:09 Capped Ram
45:15 Two-Man Saw
45:07 Siege Ram
50:09 Light Cavalry
hoaxkey
6:01 Loom
9:49 Feudal Age
10:20 Double-Bit Axe
18:48 Castle Age
17:58 Scale Barding Armor
21:02 Forging
28:44 Gold Mining
34:28 Chain Barding Armor
36:18 Iron Casting
43:55 Imperial Age
45:02 Bow Saw
45:58 Husbandry
45:21 Cavalier
47:35 Plate Barding Armor
48:00 Blast Furnace
47:38 Savar
48:09 Capped Ram
Hunter-1260
0:56 Loom
12:12 Feudal Age
13:11 Fishing Lines
14:20 Wheelbarrow
14:52 Double-Bit Axe
14:49 Horse Collar
15:03 Gold Mining
20:28 Castle Age
19:45 Scale Barding Armor
19:40 Fletching
20:57 Stone Mining
24:11 Bow Saw
24:07 Squires
24:42 Forging
25:00 Murder Holes
27:14 Pikeman
28:09 Thumb Ring
30:20 Gambesons
31:28 Padded Archer Armor
31:15 Treadmill Crane
32:37 Arson
33:37 Ballistics
34:03 Fortified Wall
37:50 Bloodlines
40:58 Hand Cart
42:25 Iron Casting
41:47 Bodkin Arrow
42:45 Leather Archer Armor
47:47 Imperial Age
45:56 Gold Shaft Mining
45:38 Masonry
46:16 Chain Barding Armor
45:56 Scale Mail Armor
46:02 Heavy Plow
49:32 Chemistry
48:18 Arrowslits
49:04 Architecture
48:40 Siege Engineers
48:03 Elite Varangian Guard
49:08 Conscription
49:21 Bracer
49:57 Loom
53:18 Ring Archer Armor
53:04 Chain Mail Armor
54:17 Elite Hearth Troop
54:21 Shield Wall
Connection lost

Rejoining the realm…

Still unreachable

The connection could not be restored.

Session expired

The server has moved on; the page needs a fresh start.